 Dungeon Crawl Stone Soup version 0.31-a0-1009-g454b1f1e0a (webtiles) character file.

Game seed: 10569876774189152986

2022 Dirtsage the Cleaver (level 9, 63/63 HPs)
             Began as a Demonspawn Berserker on Nov 14, 2023.
             Was a Priest of Trog.
             Quit the game on level 7 of the Dungeon.
             The game lasted 00:11:21 (6566 turns).

Dirtsage the Cleaver (Demonspawn Berserker)         Turns: 6566, Time: 00:11:21

Health: 63/63      AC:  8    Str: 21    XL:     9   Next: 3%
Magic:  9/9        EV: 18    Int: 10    God:    Trog [***...]
Gold:   280        SH:  4    Dex: 12    Spells: 8/8 levels left

rFire   . . .        a - +0 hand axe
rCold   . . .        (no shield)
rNeg    . . .        E - +0 chain mail
rPois   .            (helmet restricted)
rElec   .            (no cloak)
rCorr   .            (no gloves)
SInv    .            (no boots)
Will    .....        x - amulet of faith Stlth
                     k - +5 ring of evasion
HPRegen 0.30/turn    u - +5 ring of evasion
MPRegen 0.11/turn

%: faith
@: no status effects
A: antennae 1, large bone plates 1, demonic guardian 2
a: Renounce Religion, Berserk, Trog's Hand


You were on level 7 of the Dungeon.
You worshipped Trog.
Trog was most pleased with you.
You visited 2 branches of the dungeon, and saw 8 of its levels.

You collected 370 gold pieces.
You spent 90 gold pieces at shops.

Inventory:

Hand Weapons
 a - a +0 hand axe (weapon)
Armour
 E - a +0 chain mail (worn)
Jewellery
 c - a ring of ice
 d - a +6 ring of intelligence
 k - a +5 ring of evasion (left hand)
 n - a ring of ice
 u - a +5 ring of evasion (right hand)
 v - a +6 ring of dexterity
 x - an amulet of faith (around neck)
 I - a ring of protection from cold
Wands
 r - a wand of paralysis (7)
 B - a wand of mindburst (24)
Scrolls
 b - a scroll of teleportation {unknown}
 e - 2 scrolls of fog {unknown}
 f - 2 scrolls of enchant armour {unknown}
 g - 2 scrolls of enchant weapon {unknown}
 j - 3 scrolls of immolation
 m - a scroll of amnesia {unknown}
 o - a scroll of brand weapon
 s - a scroll of vulnerability {unknown}
 w - a scroll of fear {unknown}
 y - 2 scrolls of blinking {unknown}
 z - 2 scrolls of summoning
 A - a scroll of revelation {unknown}
 C - a scroll of noise {unknown}
Potions
 h - 6 potions of haste
 i - a potion of lignification
 l - 2 potions of heal wounds
 p - 2 potions of degeneration
 q - 3 potions of curing
 t - 2 potions of attraction
 D - a potion of cancellation {unknown}
 F - a potion of mutation {unknown}


   Skills:
 - Level 3.0 Fighting
 + Level 11.2 Axes
 - Level 1.7 Armour
 - Level 1.7 Dodging


You had 8 spell levels left.
You didn't know any spells.
Your spell library contained the following spells:

 Spells                   Type           Power      Damage    Failure   Level
 Sublimation of Blood     Necr           0%         N/A       99%         2
 Wereblood                Tmut           0%         N/A       99%         2
 Manifold Assault         Tloc           0%         N/A       100%        4
 Dispersal                Tloc           0%         N/A       100%        6
 Summon Hydra             Summ           0%         N/A       100%        7
 Disjunction              Tloc           0%         N/A       100%        8


Dungeon Overview and Level Annotations

Branches:
Dungeon (7/15)             Temple (1/1) D:5

Altars:
Ashenzari
Cheibriados
Dithmenos
Fedhas
Gozag
Hepliaklqana
Kikubaaqudgha
Makhleb
Nemelex Xobeh
Qazlal
Ru
Sif Muna
Trog
Uskayaw
Vehumet
Wu Jian
Xom

Shops:
D:7 !


Innate Abilities, Weirdness & Mutations

You have a pair of small antennae on your head.
You are partially covered in large bone plates. (SH +4)
A demonic guardian rushes to your aid.


Message History

Trog accepts your kill.
You feel sick. The hornet barely misses you. The hornet completely misses you.
You take 1 damage, and have 26/82 hp.
You slash the hornet!
The hornet is almost dead.
You feel sick. The hornet closely misses you.
You slash the hornet!
You feel the power of Trog in you as your rage grows.
You kill the hornet!
Trog accepts your kill.
You feel sick.
You are no longer poisoned.
Your life force feels restored.
Your Axes skill increases to level 11!
You have reached level 9!
Your experience leads to an increase in your attributes!
Increase (s)trength, (i)ntelligence, or (d)exterity?
You feel stronger. x2; Your demonic ancestry asserts itself...
Large bone plates grow over parts of your arms.
MP restored: 9
Items here: ))) [.
You start resting.
You feel a strong urge to attack something.
You feel yourself speed up.
You start resting.
You are no longer berserk.
You are exhausted.
You feel yourself slow down.
You now have 18/63 hp.
You start resting.
Your ice devil disappears in a puff of smoke!
You start resting.
You feel yourself speed up.
You regained 9 hp, and now have 28/63 hp.
You recover from your berserk rage.
HP restored.
Found a stone staircase leading down.
Health restored: 63 Unknown command.
Are you sure you want to abandon this character and quit the game? (Confirm with "yes".)

#......>......#..#.
#.............#..#.
#.............#..#.
#.............#'##. .
######.............
.##...#.............
.....#............. ..
#...#.............
....##@..#....#####+##.
.........†#....#......#.
.........)'....+......'.
>..########....#+###.##.
## #..............##.###
#..............#..+..
#..............#..#..
######..............#'###.
#.....######'###........##


There were no monsters in sight!

Vanquished Creatures
  A hornet (D:7)
  2 ice beasts
  A black bear (D:7)
  A sky beast (D:6)
  A centaur (D:6)
  2 phantoms
  2 bullfrogs (D:6)
  A scorpion (D:4)
  4 hounds
  2 jellies
  2 orc priests
  A sleepcap (D:4)
  An orc wizard (D:5)
  3 iguanas
  2 gnolls (D:4)
  8 adders
  7 ufetubi
  3 worms
  3 dart slugs
  7 orcs
  4 endoplasms
  3 giant cockroaches
  7 goblins
  6 hobgoblins
  7 jackals
  4 kobolds
  2 quokkas
  8 ball pythons
  4 bats
  2 frilled lizards
  6 rats
107 creatures vanquished.

Vanquished Creatures (collateral kills)
  A steam dragon (D:7)
  A water moccasin (D:5)
  A centaur (D:5)
  A scorpion (D:4)
  A sleepcap (D:5)
  An adder (D:2)
  2 gnolls (D:4)
  A shadow imp (D:5)
  An ufetubus (D:5)
  The ghost of Azuregosa the Sneak, a weakling OpDe (D:5)
  A goblin (D:2)
  2 hobgoblins (D:2)
  A kobold (D:1)
15 creatures vanquished.

Vanquished Creatures (others)
  An orc wizard (D:7)
1 creature vanquished.

Grand Total: 123 creatures vanquished

Notes
Turn   | Place    | Note
-------+----------+-------------------------------------------
     0 | D:1      | Dirtsage the Demonspawn Berserker began the quest for the
                  | Orb.
     0 | D:1      | Reached XP level 1. HP: 18/18 MP: 1/1
    43 | D:1      | Reached skill level 3 in Axes
   146 | D:1      | Gained mutation: A weak demonic guardian rushes to your
                  | aid. [demonic ancestry]
   146 | D:1      | Reached XP level 2. HP: 22/24 MP: 2/2
   170 | D:1      | Saving game... please wait.
   429 | D:1      | Reached ** piety under Trog
   662 | D:2      | Gained mutation: You have a pair of small antennae on your
                  | head. [demonic ancestry]
   662 | D:2      | Reached XP level 3. HP: 29/29 MP: 3/3
   784 | D:2      | Reached skill level 4 in Axes
  1227 | D:2      | Gained mutation: A demonic guardian rushes to your aid.
                  | [demonic ancestry]
  1227 | D:2      | Reached XP level 4. HP: 33/35 MP: 4/4
  1715 | D:3      | Found a faded altar of an unknown god.
  1729 | D:3      | Reached skill level 5 in Axes
  2239 | D:4      | Reached XP level 5. HP: 41/41 MP: 5/5
  2400 | D:4      | Reached skill level 6 in Axes
  2412 | D:4      | Reached XP level 6. HP: 40/47 MP: 6/6
  2454 | D:4      | Found a stormy altar of Qazlal.
  2456 | D:4      | Noticed an air elemental
  2456 | D:4      | Noticed a fire elemental
  2456 | D:4      | Noticed a water elemental
  2857 | D:4      | Reached *** piety under Trog
  2965 | D:5      | Entered Level 5 of the Dungeon
  2994 | D:5      | Reached skill level 7 in Axes
  3081 | D:5      | Noticed a water moccasin
  3095 | D:5      | Killed a water moccasin
  3096 | D:5      | Reached XP level 7. HP: 52/52 MP: 7/7
  3142 | D:5      | Found a staircase to the Ecumenical Temple.
  3150 | Temple   | Entered the Ecumenical Temple
  3654 | D:5      | Found a runed translucent door.
  3655 | D:5      | Noticed Azuregosa's ghost (weakling OpDe)
  3693 | D:5      | Reached skill level 8 in Axes
  3693 | D:5      | Killed Azuregosa's ghost
  3826 | D:5      | Identified the +4 halberd "Baivaig" {heavy, Dex+4}
  4018 | D:5      | Found a burning altar of Makhleb.
  4018 | D:5      | Found a sacrificial altar of Ru.
  4019 | D:5      | Found a hazy altar of Hepliaklqana.
  4019 | D:5      | Found an opulent altar of Gozag.
  4020 | D:5      | Found a snail-covered altar of Cheibriados.
  4500 | D:6      | Reached skill level 9 in Axes
  4500 | D:6      | Reached XP level 8. HP: 14/58 MP: 8/8
  4787 | D:6      | Identified the +0 chain mail of Hangman {rPois Int+7 Dex-5
                  | Stlth+}
  5181 | D:6      | Reached skill level 10 in Axes
  6205 | D:7      | Found Ucyur's Distillery.
  6208 | D:7      | Bought a potion of curing for 30 gold pieces
  6208 | D:7      | Bought a potion of attraction for 30 gold pieces
  6208 | D:7      | Bought a potion of lignification for 30 gold pieces
  6408 | D:7      | Noticed a hornet
  6424 | D:7      | Killed a hornet
  6425 | D:7      | Reached skill level 11 in Axes
  6425 | D:7      | Gained mutation: You are partially covered in large bone
                  | plates. (SH +4) [demonic ancestry]
  6425 | D:7      | Reached XP level 9. HP: 27/63 MP: 9/9
  6566 | D:7      | Quit the game

Illustrated notes

Levels and vault maps discovered:
D:1:      mainiacjoe_arrival_reflecting_pool, layout_loops_cross
D:2:      layout_loops_ring
D:3:      layout_rooms, nicolae_ecumenical_snake_handling
D:4:      layout_basic, nicolae_qazlal_style_of_elements
D:5:      layout_cave_pods, minitemple, minmay_temple_entry_waves,
          ebering_ghost_inner_flame
D:6:      layout_basic
D:7:      layout_gridville, serial_shops, kennysheep_mini_moat
Temple:   eino_narrow_crystal_temple

Skill      XL: |  1  2  3  4  5  6  7  8 |
---------------+-------------------------+-----
Axes           | 3 4 5 6 7 9 11 | 11.2
Fighting       | |  3.0
Armour         | |  1.7
Dodging        | |  1.7

Action                     |  1- 3 |  4- 6 |  7- 9 || total
---------------------------+-------+-------+-------++-------
  Melee: Hand axe          |   119 |   187 |   266 ||   572
         Punch             |     1 |       |     4 ||     5
 Invoke: Berserk           |       |     4 |     5 ||     9
    Use: Scroll            |       |     3 |     3 ||     6
 Armour: Animal skin       |     6 |       |       ||     6
         Scale mail        |    51 |    76 |       ||   127
         Chain mail        |       |    13 |   198 ||   211
  Dodge: Dodged            |    91 |   156 |   217 ||   464

Table legend: (Time is in decaauts)
 A = Elapsed time spent in this place.
 B = Non-inter-level travel time spent in this place.
 C = Inter-level travel time spent in this place.
 D = Time resting spent in this place.
 E = Time spent auto-exploring this place.
 F = Levels seen in this place.
 G = Mean time per level.
                   A        B        C        D        E       F      G
               +--------+--------+--------+--------+--------+-----+--------+
         Total |   6627 |   6437 |    190 |    367 |   5059 |   8 |  828.4 |
       Dungeon |   6625 |   6435 |    190 |    367 |   5059 |   7 |  946.4 |
        Temple |      1 |      1 |      0 |      0 |      0 |   1 |    1.0 |
               +--------+--------+--------+--------+--------+-----+--------+

Top non-repeatable levels by time:
     D:6: 1291 daAuts
     D:5: 1253 daAuts
     D:7: 1070 daAuts
     D:2: 901 daAuts
     D:4: 865 daAuts
     D:1: 666 daAuts
     D:3: 576 daAuts
  Temple: 1 daAuts
